 Dungeon Crawl Stone Soup version 0.17-a0-1617-gfba1302 (webtiles) character file.

94 karlkraus the Covered (level 4, -1/41 HPs)
             Began as a Minotaur Fighter on Aug 1, 2015.
             Slain by spinkules's ghost (10 damage)
             ... on level 3 of the Dungeon.
             The game lasted 00:03:00 (1347 turns).

karlkraus the Covered (Minotaur Fighter)            Turns: 1347, Time: 00:03:01

Health: -1/41      AC:  7    Str: 26    XL:     4   Next: 38%
Magic:  3/3        EV:  8    Int:  5    God:
Gold:   53         SH: 10    Dex: 10    Spells: 0 memorised, 3 levels left

rFire  . . .     SeeInvis .     a - +0 flail
rCold  . . .     Clarity  .     b - +0 scale mail
rNeg   + . .     SustAt   +     c - +0 shield
rPois  .         Gourm    .     (helmet restricted)
rElec  .         Spirit   .     (no cloak)
rCorr  .         Warding  .     (no gloves)
rMut   .         Stasis   .     (no boots)
MR     .....                    (no amulet)
Stlth  ..........               p - ring of positive energy
                                l - ring of sustain attributes

@: mighty, not resistant to hostile enchantments, extremely unstealthy
A: retaliatory headbutt, horns 2
a: no special abilities


You were on level 3 of the Dungeon.
You were hungry.

You visited 1 branch of the dungeon, and saw 3 of its levels.

You collected 53 gold pieces.

Inventory:

Hand weapons
 a - a +0 flail (weapon)
Armour
 b - a +0 scale mail (worn)
 c - a +0 shield (worn)
Jewellery
 l - a ring of sustain attributes (left hand)
 p - a ring of positive energy (right hand)
Scrolls
 f - a scroll of enchant armour {unknown}
 i - a scroll of remove curse
 k - a scroll of enchant weapon {unknown}
 s - a scroll of identify {unknown}
 t - a scroll of magic mapping {unknown}
Potions
 g - a potion of cancellation {unknown}
 n - a potion of heal wounds {unknown}
 o - a potion of poison {unknown}
 q - 2 potions of curing {unknown}
 r - a potion of resistance {unknown}
Comestibles
 e - 2 bread rations
 h - a slice of pizza
 j - a chunk of flesh
 m - 2 meat rations


   Skills:
 + Level 4.3 Fighting
 + Level 3.0 Maces & Flails
 + Level 4.6 Armour
 + Level 0.7 Dodging
 + Level 4.4 Shields


You had 3 spell levels left.
You didn't know any spells.

Dungeon Overview and Level Annotations

Branches:
Dungeon (3/15)

Altars:
Vehumet

Annotations:
D:3 spinkules's ghost, average MiBe


Innate Abilities, Weirdness & Mutations

You reflexively headbutt those who attack you in melee.
You have a pair of horns on your head.


Message History

You block the jackal's attack. x2
You sock the jackal!
You kill the jackal!
You hit spinkules's ghost. Your headbutt misses spinkules's ghost.
Spinkules's ghost is lightly damaged.
Spinkules's ghost hits you. Spinkules's ghost hits you!
You hit spinkules's ghost.
Spinkules's ghost is moderately damaged.
Spinkules's ghost hits you.
You sock spinkules's ghost! Your headbutt misses spinkules's ghost.
Spinkules's ghost is heavily damaged.
Spinkules's ghost hits you! You block spinkules's ghost's attack.
You hit spinkules's ghost.
Spinkules's ghost is heavily damaged.
Spinkules's ghost hits you!
* * * LOW HITPOINT WARNING * * *
Drink which item? (? for menu, Esc to quit)
You feel very mighty all of a sudden. Spinkules's ghost hits you!
You die...

#. #........#
#####.##........######
#...............#....#
.......)........#.##.#
..................##.###
..................##....
#.................######
#.....†W...###..........
#!....)@...# ####.######
#......)...# #.# #
#..........# #.# #
#..........# ### #
#..........# ###
#..........# #..
..../......# #..
........#### #.. #..


You could see spinkules's ghost.

Vanquished Creatures
  4 adders (D:2)
  An ooze (D:3)
  3 orcs (D:3)
  2 ball pythons (D:1)
  3 bats (D:1)
  A giant cockroach (D:1)
  6 hobgoblins
  8 jackals
  6 kobolds
  A quokka (D:2)
  2 giant newts
  4 goblins (D:1)
  10 rats
51 creatures vanquished.

Notes
Turn   | Place    | Note
--------------------------------------------------------------
     0 | D:1      | karlkraus the Minotaur Fighter began the quest for the Orb.
     0 | D:1      | Reached XP level 1. HP: 19/19 MP: 0/0
   117 | D:1      | Reached XP level 2. HP: 22/27 MP: 1/1
   281 | D:1      | Reached skill level 4 in Shields
   465 | D:1      | Reached XP level 3. HP: 31/33 MP: 2/2
   913 | D:2      | Found a radiant altar of Vehumet.
   981 | D:2      | Reached XP level 4. HP: 35/40 MP: 3/3
  1338 | D:3      | Noticed spinkules's ghost (average MiBe)
  1347 | D:3      | Slain by spinkules's ghost

Vault maps used:
D:1:      lightli_arrival_statuegarden, kennysheep_minor_cross,
          serial_bayou_pond_b, corexii_leaking_fountain,
          roderic_digamma_sauvastika
D:2:      fiery_altar_vehumet
D:3:      first_bread

Action                   |  1- 3 |  4- 6 || total
-------------------------+-------+-------++-------
Melee: Flail             |    95 |    22 ||   117
  Use: Scroll            |       |     1 ||     1
       Potion            |       |     1 ||     1
  Eat: Chunk             |       |     1 ||     1
